Map: Simulacrum LE

Players

Knarf

  • Race: Zerg Zerg
  • Spawn Location: 5:00

Gilrak - Winner!

  • Race: Terran Terran
  • League: Diamond
  • Spawn Location: 11:00

VOD

Have the link to the VOD?

Description

Time

  • Played on: March 21, 2020, 10:43 a.m.
  • Length: 5:07
Show
View Real Time Build Order
Export as new Build Order

Knarf Zerg 

Build Orders: Hatch First 

Get SALT Encoding   

  12  0:02  Drone  
  13  0:18  Overlord  
  13  0:20  Drone  
  14  0:36  Drone x2  
  16  0:52  Hatchery  
  16  0:56  Drone  
  16  1:06  Drone  
  16  1:07  Drone  
  18  1:22  Extractor  
  18  1:23  Spawning Pool  
  16  1:27  Drone  
  16  1:29  Drone  
  18  1:34  Drone  
  19  1:46  Drone  
  20  1:59  Overlord  
  20  2:10  Queen x2  
  20  2:11  Zergling x4  
  26  2:20  Drone x2  
  28  2:23  Metabolic Boost  
  28  2:43  Hatchery  
  27  2:50  Drone  
  28  2:55  Queen  
  30  3:01  Overlord  
  30  3:04  Drone  
  31  3:06  Drone  
  31  3:09  Drone  
  33  3:23  Drone x4  
  33  3:26  Overlord  
  37  3:28  Drone  
  36  3:47  Queen x2  
  40  3:49  Drone x2  
  42  4:02  Queen  
  44  4:04  Drone x2  
  46  4:14  Zergling x10  
  51  4:18  Spine Crawler  
  51  4:21  Drone x4  
Show
View Real Time Build Order
Export as new Build Order

Gilrak Terran - Winner!

Build Orders: 2 Factory, Hellion Opening 

Get SALT Encoding   

  12  0:01  SCV  
  13  0:14  Supply Depot  
  13  0:21  Refinery  
  13  0:24  SCV  
  14  0:36  SCV  
  15  0:48  SCV  
  16  0:51  Barracks  
  16  1:01  SCV  
  17  1:05  Refinery  
  17  1:18  SCV  
  19  1:32  SCV  
  19  1:38  Marine  
  20  1:41  Factory  
  20  1:46  Orbital Command  
  20  1:58  Barracks Reactor  
  20  2:01  Supply Depot  
  20  2:12  SCV  
  21  2:20  Factory  
  21  2:35  SCV  
  22  2:43  Hellion x2  
  26  2:46  Supply Depot  
  26  2:47  Barracks Reactor  
  26  3:00  Armory  
  26  3:04  Hellion x2  
  30  3:18  Supply Depot  
  30  3:32  Hellion  
  30  3:33  Hellion x2  
  30  3:34  Hellion  
  38  3:41  Supply Depot  
  38  3:42  Supply Depot  
  38  4:05  Supply Depot  
  38  4:07  Hellion  
  38  4:08  Hellion x3  
  46  4:28  Hellion, Supply Depot  
  46  4:29  Hellion  
  50  4:44  Hellion  
  50  4:45  Hellion  
Tags
 
Add a new tag
Caveats
  • Supply blocks, unpowered buildings, or Contaminate may cause inaccurate times.
  • Supply counts are checked every 10 seconds.